 Dungeon Crawl Stone Soup version 0.20-a0-2-g2b0e13a (console) character file.

11 brucemayne the Chopper (level 2, -3/26 HPs)
             Began as a Hill Orc Monk on Oct 28, 2016.
             Slain by a leopard gecko (5 damage)
             ... on level 6 of the Dungeon.
             The game lasted 00:04:53 (997 turns).

brucemayne the Chopper (Hill Orc Monk)               Turns: 997, Time: 00:04:54

Health: -3/26      AC:  4    Str: 13    XL:     2   Next: 25%
Magic:  2/2        EV: 12    Int: 10    God:
Gold:   59         SH:  0    Dex: 13    Spells: 0 memorised, 1 level left

rFire  . . .     SeeInvis .     a - +0 hand axe
rCold  . . .     Gourm    .     e - +0 leather armour
rNeg   . . .     Faith    .     (no shield)
rPois  .         Spirit   .     (no helmet)
rElec  .         Reflect  .     (no cloak)
rCorr  .         Harm     .     k - +0 pair of gloves
MR     .....     Rnd*Tele +     (no boots)
Stlth  +.........               (no amulet)
                                (no ring)
                                n - ring of teleportation (curse)

@: drained
A: no striking features
a: no special abilities


You were on level 6 of the Dungeon.
You were not hungry.

You visited 1 branch of the dungeon, and saw 7 of its levels.

You collected 59 gold pieces.

Inventory:

Hand Weapons
 a - a +0 hand axe (weapon)
 m - a +0 war axe
Armour
 b - a +0 robe
 e - a +0 leather armour (worn)
 k - a +0 pair of gloves (worn)
Jewellery
 n - a cursed ring of teleportation (left hand)
Scrolls
 d - a scroll of identify
Comestibles
 c - a bread ration
 f - 2 meat rations
 i - a beef jerky


   Skills:
 - Level 3.6(3.3) Fighting
 + Level 4.9(4.6) Axes
 - Level 2.4(2.1) Dodging
 - Level 1.5(1.2) Stealth


You had one spell level left.
You didn't know any spells.

Dungeon Overview and Level Annotations

Branches:
Dungeon (8/15)
 Temple: D:4-7         Lair: D:8-11

Altars:
Okawaru
Qazlal

Annotations:
D:3 brucemayne's ghost, weakling HOMo
D:7 Dowan; Duvessa


Message History

Found a bread ration and 20 bolts.
You see here a fustibalus.
A wight comes into view. It is wielding a dagger of freezing.
The leopard gecko closely misses you.
A scorpion comes into view.
The wight hits you with a dagger of freezing.
You feel drained.
* * * LOW HITPOINT WARNING * * *
The wight freezes you.
* * * LOW HITPOINT WARNING * * *
The wight misses you. The wight misses you.
A wight comes into view. It is wielding a rod of ignition.
You aren't carrying any potions.
Unknown command.
The leopard gecko closely misses you.
You hit the wight.
The wight is moderately damaged.
You closely miss the leopard gecko. The leopard gecko bites you.
You die...

#....h...# #.######.#
##.# #.# ##..### #.#
### $.....## #.# #..
⌠...⌠..###.# ##..
.%......##.# # #.!.
!.⌠.....##.# #####.#
#... .....>..##h#
#zl@z.# #...
..⌠.....##.# #z#####
#... ........##)###.#
#... ⌠...⌠..###.h.zz#
#. #...#. ......##
####h.# ......#######.
####>.. ...%(.
............#. #..##
##.#.#####.......##.#.
...#
..#s.............#.#.
.....................


You could see 3 wights and a leopard gecko.

Vanquished Creatures
  2 bats (D:3)
  A goblin (D:3)
  3 hobgoblins (D:2)
  2 kobolds
  A rat (D:1)
9 creatures vanquished.

Notes
Turn   | Place    | Note
-------+----------+-------------------------------------------
     0 | D:1      | brucemayne the Hill Orc Monk began the quest for the Orb.
     0 | D:1      | Reached XP level 1. HP: 19/19 MP: 1/1
   162 | D:2      | Found a stormy altar of Qazlal.
   178 | D:3      | Found a faded altar of an unknown god.
   178 | D:3      | Noticed brucemayne's ghost (weakling HOMo)
   447 | D:2      | Found an iron altar of Okawaru.
   486 | D:3      | Noticed an orc priest
   486 | D:3      | Noticed an orc priest
   559 | D:3      | Reached XP level 2. HP: 17/26 MP: 2/2
   723 | D:4      | You fall through a shaft for 3 floors!
   730 | D:7      | Noticed Dowan
   819 | D:6      | Noticed a bullfrog
   866 | D:7      | Noticed Duvessa
   963 | D:6      | Noticed a black bear
   989 | D:6      | Noticed a wight
   989 | D:6      | Noticed a wight
   991 | D:6      | Noticed a wight
   992 | D:6      | Noticed a scorpion
   995 | D:6      | Noticed a wight
   997 | D:6      | Slain by a leopard gecko

Vault maps used:
D:1:      lemuel_arrival_cross
D:2:      nicolae_qazlal_eye_of_the_storm, elyvilon_altar_1,
          lemuel_coloured_pillars_altar
D:3:      tgw_trog, ecumenical_altar_1
D:4:      grunt_temple_overflow_growth_and_decay, first_bread, uniq_sigmund
D:6:      dk_noncrumbling_3, minmay_shop_grid_forest, minivault_4,
          grunt_ministairs_10
D:7:      grunt_livestock, uniq_duvessa
D:8:      erik_lair_orcish_takeover, enter_ossuary_2, uniq_prince_ribbit1

Action                   || total
-------------------------++-------
Melee: Hand axe          ||    49
  Use: Scroll            ||     5
Armor: Leather armour    ||    31
Dodge: Dodged            ||    50
